 Dungeon Crawl Stone Soup version 0.31-a0-1237-gabc64e778c (webtiles) character file.

Game seed: 7913093451342142890

7 drugrobin the Cudgeller (level 1, 17/17 HPs)
             Began as a Demigod Reaver on Dec 15, 2023.
             Quit the game on level 1 of the Dungeon.
             The game lasted 00:01:19 (181 turns).

drugrobin the Cudgeller (Demigod Reaver)             Turns: 181, Time: 00:01:19

Health: 17/17      AC:  3    Str: 13    XL:     1   Next: 66%
Magic:  5/5        EV: 11    Int: 15    God:
Gold:   0          SH:  0    Dex: 12    Spells: 2/3 levels left

rFire   . . .        a - +0 mace
rCold   + . .        (no shield)
rNeg    . . .        d - +0 leather armour {rC+}
rPois   .            (no helmet)
rElec   .            (no cloak)
rCorr   .            (no gloves)
SInv    .            (no boots)
Will    .....        (no amulet)
Stlth   +            (no ring)
HPRegen 0.22/turn    (no ring)
MPRegen 0.09/turn

%: no passive effects
@: no status effects
A: high MP 1, forlorn, divine attributes
a: no special abilities


You were on level 1 of the Dungeon.
You visited 1 branch of the dungeon, and saw 1 of its levels.

Inventory:

Hand Weapons
 a - a +0 mace (weapon)
Missiles
 e - 4 boomerangs (quivered)
Armour
 b - a +0 leather armour
 d - a +0 leather armour of cold resistance (worn)
Potions
 c - a potion of might {unknown}
 f - a potion of attraction {unknown}


   Skills:
 - Level 1.7 Fighting
 + Level 3.1 Maces & Flails
 - Level 1.7 Dodging
 - Level 1.7 Spellcasting
 - Level 2.6 Conjurations


You had 2 spell levels left.
You knew the following spells:

 Your Spells              Type           Power      Damage    Failure   Level
a - Kiss of Death         Conj/Necr      20%        2d7       17%         1

Your spell library contained the following spells:

 Spells                   Type           Power      Damage    Failure   Level
 Momentum Strike          Conj/Tloc      10%        3d8       26%         2
 Hailstorm                Conj/Ice       5%         3d5       45%         3


Dungeon Overview and Level Annotations

Branches:
Dungeon (1/15)


Innate Abilities, Weirdness & Mutations

You have an increased reservoir of magic. (+10% MP)
You shall have no god before yourself.
Your divine heritage dramatically boosts your attributes as you level up.


Message History

A jackal comes into view.
Unknown command.
Search for what [? for help]? boom Unknown command.
A jackal is nearby!
Unknown command.
Unknown command.
Throw: 4 boomerangs
Press: ? - help, Q - select action, (/) - cycle Shift-Dir - straight line, f - jackal
Aim: a jackal (asleep, 98% to hit)
You throw a boomerang.
The boomerang hits the jackal but does no damage.
A jackal comes into view.
Unknown command.
Unknown command.
Found a coppery potion.
The jackal attacks as it pursues you!
The jackal bites you but does no damage.
You completely miss the jackal. The jackal barely misses you.
The jackal bites you.
You hit the jackal but do no damage. The jackal barely misses you. x2
You hit the jackal.
The jackal is almost dead.
The jackal bites you. The jackal barely misses you.
You barely miss the jackal.
The jackal is almost dead.
The jackal bites you. The jackal barely misses you.
You hit the jackal.
You kill the jackal!
f - a coppery potion
There is a staircase leading out of the dungeon here.
Unknown command.
Unknown command.
Unknown command.
Unknown command.
Unknown command.
Unknown command.
There is an escape hatch in the floor here.
Unknown command.
Are you sure you want to abandon this character and quit the game? (Confirm with "yes".)

##.###.##...###.###.#
.....†........).....#
...................##
......########.....##
### ......####
##.......#...#
.........# #....∩....#
.........# #.........#
.........###....<....#
..####..........@....#
.. #...##...⌠...⌠..# .
#...###.........#
#...# ##.......##
#...# ######### #...#
######...# .........#
######...#


There were no monsters in sight!

Vanquished Creatures
  An endoplasm (D:1)
  A jackal (D:1)
  A kobold (D:1)
  A quokka (D:1)
  A ball python (D:1)
  A rat (D:1)
6 creatures vanquished.

Notes
Turn   | Place    | Note
-------+----------+-------------------------------------------
     0 | D:1      | drugrobin the Demigod Reaver began the quest for the Orb.
     0 | D:1      | Reached XP level 1. HP: 17/17 MP: 5/5
    94 | D:1      | Reached skill level 3 in Maces & Flails
   181 | D:1      | Quit the game

Illustrated notes

Levels and vault maps discovered:
D:1:      wander_arrival_desolate, layout_basic, serial_forest,
          infiniplex_forest_lined_4_way, infiniplex_forest_diagonal,
          infiniplex_forest_side_room, infiniplex_forest_clump_tiny,
          infiniplex_forest_lined_room_, corexii_item_surrounded_by_moat

Skill      XL: |  1 |
---------------+----+-----
Maces & Flails | 3 |  3.1
Fighting       | |  1.7
Dodging        | |  1.7
Spellcasting   | |  1.7
Conjurations   | |  2.6

Action                     || total
---------------------------++-------
  Melee: Mace              ||    18
  Throw: Boomerang         ||     1
 Armour: Leather armour    ||     9
  Dodge: Dodged            ||    16

Table legend: (Time is in decaauts)
 A = Elapsed time spent in this place.
 B = Non-inter-level travel time spent in this place.
 C = Inter-level travel time spent in this place.
 D = Time resting spent in this place.
 E = Time spent auto-exploring this place.
 F = Levels seen in this place.
 G = Mean time per level.
                   A        B        C        D        E       F      G
               +--------+--------+--------+--------+--------+-----+--------+
         Total |    186 |    162 |     24 |      7 |     12 |   1 |  186.0 |
       Dungeon |    186 |    162 |     24 |      7 |     12 |   1 |  186.0 |
               +--------+--------+--------+--------+--------+-----+--------+

Top non-repeatable levels by time:
     D:1: 186 daAuts
